 Dungeon Crawl Stone Soup version 0.25-a0-558-g78a2afb0af (webtiles) character file.

Game seed: 3653719300881723762, levelgen mode: deterministic

39447 Esekla the Eclecticist (level 13, -46/63 HPs)
             Began as a Deep Elf Wizard on Feb 23, 2020.
             Was the Champion of Qazlal.
             Annihilated by a komodo dragon (75 damage)
             ... on level 6 of the Lair of Beasts on Feb 24, 2020.
             The game lasted 04:41:56 (19121 turns).

Esekla the Eclecticist (Deep Elf Wizard)           Turns: 19121, Time: 04:41:57

Health: -46/63     AC: 16    Str:  6    XL:     13   Next: 69%
Magic:  21/35      EV: 17    Int: 26    God:    Qazlal [******]
Gold:   4767       SH:  0    Dex: 14    Spells: 12/45 levels left

rFire    x . .     SeeInvis .   p - +3 dagger (protect)
rCold    + . .     Gourm    .   (no shield)
rNeg     . . .     Faith    .   k - +1 troll leather armour
rPois    .         Spirit   .   q - +2 helmet
rElec    .         Reflect  .   Z - +2 cloak {MR+}
rCorr    .         Harm     .   x - +0 pair of gloves
MR       ++...                  a - +2 pair of boots {Fly}
Stlth    +.........             i - amulet of magic regeneration
HPRegen  0.60/turn              s - ring of ice
MPRegen  0.49/turn              C - +2 ring of slaying

@: sleeping, repel missiles
A: no striking features
a: Upheaval, Elemental Force, Disaster Area, Renounce Religion, Evoke Flight


You were on level 6 of the Lair of Beasts.
You worshipped Qazlal.
Qazlal was exalted by your worship.
You were not hungry.

You visited 3 branches of the dungeon, and saw 19 of its levels.
You also visited: Bailey and Gauntlet.

You collected 4782 gold pieces.
You spent 15 gold pieces at shops.

Inventory:

Hand Weapons
 e - a +2 dagger of electrocution
 l - the +5 rapier of Makhleb's Castigation {pain, Dex+3}
   (You took it off a deep elf mage on level 12 of the Dungeon)

   In the hands of one skilled in necromantic magic, it inflicts extra damage on
   living creatures.
   It affects your dexterity (+3).
 p - a +3 dagger of protection (weapon)
 F - a +3 trident of holy wrath
 M - a +6 vorpal spear
 V - a +2 dagger of distortion
Missiles
 f - 53 poisoned darts (quivered)
 A - 70 boomerangs
 S - 4 curare-tipped darts
 U - 13 javelins
Armour
 a - a +2 pair of boots of flying (worn)
 k - a +1 troll leather armour (worn)
 n - a +1 robe of magic resistance
 q - a +2 helmet (worn)
 x - a +0 pair of gloves (worn)
 L - a +0 leather armour of positive energy
 N - a +1 hat of intelligence
 Q - a +2 robe of cold resistance
 Z - a +2 cloak of magic resistance (worn)
Jewellery
 i - an amulet of magic regeneration (around neck)
 j - a +2 ring of dexterity
 s - a ring of ice (left hand)
 u - an uncursed ring of poison resistance
 C - a +2 ring of slaying (right hand)
 I - an uncursed ring of fire
Wands
 b - a wand of paralysis (17)
 o - a wand of flame (75)
 B - a wand of digging (6)
 Y - a wand of clouds (5)
Scrolls
 h - a scroll of brand weapon {unknown}
 v - 6 scrolls of teleportation
 w - 4 scrolls of amnesia
 z - 6 scrolls of remove curse
 D - a scroll of torment {unknown}
 G - 2 scrolls of enchant weapon
 J - 3 scrolls of blinking
 T - a scroll of fear
Potions
 c - 4 potions of lignification
 g - 3 potions of invisibility
 m - 7 potions of curing
 r - 2 potions of mutation {unknown}
 t - 3 potions of might {unknown}
 E - 3 potions of flight
 H - 5 potions of haste
 K - 4 potions of berserk rage {unknown}
 O - 3 potions of cancellation
 P - 3 potions of stabbing
 R - 5 potions of magic
 W - 4 potions of brilliance
 X - a potion of ambrosia
Comestibles
 d - 26 rations


   Skills:
 * Level 8.2 Short Blades
 - Level 3.5 Throwing
 + Level 4.1 Armour
 * Level 10.3 Dodging
 - Level 3.5 Stealth
 * Level 16.8 Spellcasting
 + Level 8.8 Conjurations
 + Level 4.0 Hexes
 * Level 2.2 Charms
 + Level 6.2 Summonings
 + Level 3.8 Translocations
 + Level 2.4 Fire Magic
 * Level 0.7 Ice Magic
 * Level 7.8 Air Magic
 + Level 5.6 Poison Magic


You had 12 spell levels left.
You knew the following spells:

 Your Spells              Type           Power        Failure   Level  Hunger
a - Apportation           Tloc           #####.       1%          1    None
b - Blink                 Tloc           N/A          1%          2    None
c - Mephitic Cloud        Conj/Pois/Air  ######..     1%          3    None
d - Magic Dart            Conj           ####         1%          1    None
e - Freezing Cloud        Conj/Ice/Air   ######....   43%         6    ###....
f - Conjure Flame         Conj/Fire      ######..     1%          3    None
g - Dispersal             Tloc           #####.....   71%         6    ###....
i - Corona                Hex            #####..      1%          1    None
m - Deflect Missiles      Chrm/Air       #####.....   54%         6    ###....
s - Summon Lightning Spi  Summ/Air       ######..     1%          4    None

Your spell library contained the following spells:

 Spells                   Type           Power        Failure   Level  Hunger
 Summon Small Mammal      Summ           ####         1%          1    None
 Call Imp                 Summ           ######..     1%          2    None
 Slow                     Hex            #####...     1%          2    None
 Call Canine Familiar     Summ           ######..     1%          3    None
 Summon Guardian Golem    Hex/Summ       #####...     1%          3    None
 Animate Skeleton         Necr           N/A          3%          1    None
 Summon Ice Beast         Ice/Summ       ######..     9%          4    None
 Death Channel            Necr           ###.......   99%         6    ###....
 Hydra Form               Tmut           ###.......   99%         6    ###....
 Simulacrum               Ice/Necr       #####.....   99%         6    ###....


Dungeon Overview and Level Annotations

Branches:
Dungeon (12/15)            Temple (1/1) D:6            Lair (6/6) D:8
  Swamp (0/4) Lair:2        Snake (0/4) Lair:3        Slime (0/5) Lair:5
    Orc (0/2) D:12         Bailey (visited)         Gauntlet (visited)

Altars:
Ashenzari
Cheibriados
Dithmenos
Elyvilon
Fedhas
Gozag
Hepliaklqana
Kikubaaqudgha
Makhleb
Nemelex Xobeh
Okawaru
Qazlal
Ru
Sif Muna
Trog
Uskayaw
Vehumet
Wu Jian
Xom
Yredelemnul
Zin
The Shining One

Shops:
D:9 *   D:11 !

Annotations:
D:7 2 transporters, Karim's ghost, novice GnWn
Lair:3 3 runed translucent doors, bmj180's ghost, journeyman DrCj
Lair:6 Snorg


Message History

* * * LOW HITPOINT WARNING * * *
The blink frog blinks!
The crocodile bites you.
* * * LOW HITPOINT WARNING * * *
There is a stone staircase leading up here.
You feel much better.
You hear an angry hiss.
You hear a roar!
You hear a bleat! x3
The dream sheep shake their wool and sparkle.
You feel drowsy...
You fall asleep.
The wolf bites the fungus!
The electric eel shoots out a bolt of lightning at you!
The bolt of electricity is repelled.
The komodo dragon is engulfed in blazing flames.
You hear a shout!
The crocodile bites you but does no damage.
You hear a bellow!
You hear a trumpeting!
The dream sheep is engulfed in blazing flames.
The komodo dragon is engulfed in blazing flames.
The komodo dragon bites you!!!!
Ouch! That really hurt!
You die...

........P.#.
..#.?....#......≈≈≈≈≈≈≈≈
..............#..≈≈≈≈≈≈≈
..#T.............≈;≈≈≈≈≈
...#.Y8...........≈≈≈≈≈≈
.hYYS..F.F...!..........
Y..YYYY...[Y.○..........
.SYYPY.†.YY..t.Y..☼...%.
...YY....Y.YtS°t@.......
..lYY....h.Y.Y§l......$.
.Y....PP.lPPH.§§.°§.....
.<....P.................
?†.......hSh.....#......
#Y..H..P..P......#......
#h....#.PH.#......$#....
#†....#....#......#.#...
†.H..#............. #


You could see an elephant, 2 komodo dragons, 2 hippogriffs, a black mamba, 5
yaks, a blink frog, a water moccasin, 3 crocodiles, 3 wolves, 2 dream sheep and
an electric eel.

Vanquished Creatures
  A hydra (Lair:1)
  A two-headed ogre (D:12)
  Urug (Lair:2)
  Sonja (D:11)
  A fire crab (Gauntlet)
  An unseen horror (D:12)
  A deep elf mage (D:12)
  5 ugly things
  A centaur zombie (D:10)
  2 elephants (Lair:5)
  2 black mambas
  2 torpor snails
  2 spiny frogs
  2 centaur skeletons
  4 rime drakes
  2 komodo dragons
  5 blink frogs
  2 trolls
  6 dream sheep
  3 hippogriffs
  A centaur simulacrum (Gauntlet)
  A wyvern (D:9)
  2 fire bats (Gauntlet)
  A basilisk (Lair:2)
  37 yaks
  2 hungry ghosts
  Edmund (D:5)
  A swamp worm (Lair:2)
  A hydra simulacrum (Gauntlet)
  Menkaure (D:4)
  An acid dragon (D:12)
  4 water moccasins
  Duvessa (D:4)
  7 porcupines
  5 orc warriors
  An ice beast (D:6)
  A sky beast (D:11)
  A black bear (D:11)
  6 ogres
  5 phantoms
  8 wolves
  A necrophage (D:10)
  9 centaurs
  7 big kobolds
  5 crocodiles
  4 bullfrogs
  2 gnoll sergeants
  2 wyvern skeletons (D:10)
  Dowan (D:4)
  4 scorpions
  23 killer bees
  5 wights
  3 howler monkeys (D:12)
  2 electric eels
  A wyvern simulacrum (Gauntlet)
  7 crimson imps
  2 bullfrog zombies
  3 hounds
  A quasit (D:8)
  9 jellies
  3 orc priests
  A bullfrog skeleton (D:4)
  10 orc wizards
  A gnoll shaman (D:8)
  An iguana (D:12)
  9 worker ants
  2 bullfrog simulacra
  Robin (D:2)
  2 worker ant zombies
  19 gnolls
  A howler monkey zombie (D:5)
  13 adders
  3 shadow imps
  15 oozes (D:6)
  An adder zombie (D:5)
  An adder skeleton (D:5)
  3 worms
  2 dart slugs
  4 leopard geckos
  35 orcs
  A ball python (D:3)
  6 bats
  7 giant cockroaches
  10 goblins
  23 hobgoblins
  7 jackals
  6 quokkas
  38 kobolds
  A leopard gecko skeleton (D:5)
  5 rats
455 creatures vanquished.

Vanquished Creatures (collateral kills)
  Gastronok (Lair:1)
  A minotaur (Gauntlet)
  Fannar (D:8)
  A hydra (Lair:3)
  An unseen horror (D:10)
  2 deep elf magi (D:12)
  2 ugly things
  2 cyclopes
  A black mamba (Lair:1)
  A centaur zombie (D:10)
  8 elephants
  5 spiny frogs
  A centaur skeleton (D:12)
  4 komodo dragons
  2 tyrant leeches (Lair:2)
  A polar bear (D:8)
  5 blink frogs
  A wolf spider simulacrum (Gauntlet)
  2 slime creatures
  2 centaur simulacra (Gauntlet)
  15 yaks
  2 wyverns (D:12)
  A basilisk (D:11)
  A hungry ghost (D:11)
  3 swamp worms (Lair:2)
  2 nagas (Lair:3)
  6 water moccasins
  2 orc warriors
  4 porcupines
  2 ice beasts
  3 necrophages
  A black bear (D:11)
  4 centaurs
  11 wolves
  7 crocodiles
  A bullfrog (D:8)
  2 killer bees (D:10)
  A wight (D:12)
  A bullfrog zombie (D:12)
  A crimson imp (D:5)
  2 hounds (D:12)
  4 orc priests
  Ijyb (D:5)
  4 iguanas
  3 orc wizards
  A worker ant (D:5)
  A bullfrog simulacrum (Gauntlet)
  6 gnolls
  3 adders
  7 orcs
  6 hobgoblins (Bailey)
  A quokka (D:5)
  5 kobolds
  A plant (Lair:2)
159 creatures vanquished.

Vanquished Creatures (others)
  A bullfrog (D:6)
  A killer bee (D:7)
  An electric eel (Lair:5)
  16 fungi
  2 plants (Lair:2)
  A withered plant (Gauntlet)
22 creatures vanquished.

Grand Total: 636 creatures vanquished

Notes
Turn   | Place    | Note
-------+----------+-------------------------------------------
     0 | D:1      | Esekla the Deep Elf Wizard began the quest for the Orb.
     0 | D:1      | Reached XP level 1. HP: 10/10 MP: 7/7
   334 | D:2      | Reached skill level 5 in Spellcasting
   334 | D:2      | Reached XP level 2. HP: 15/15 MP: 6/10
   359 | D:2      | Reached XP level 3. HP: 13/19 MP: 1/12
   445 | D:2      | Learned a level 2 spell: Blink
   449 | D:2      | Learned a level 3 spell: Mephitic Cloud
   453 | D:2      | Learned a level 3 spell: Conjure Flame
   723 | D:2      | Reached skill level 6 in Spellcasting
   834 | D:2      | Noticed Robin
  1331 | D:2      | Reached XP level 4. HP: 16/24 MP: 1/14
  1731 | D:2      | Killed Robin
  2511 | D:3      | Reached XP level 5. HP: 28/28 MP: 15/15
  3541 | D:4      | Found a shadowy altar of Dithmenos.
  3575 | D:4      | Noticed an ogre
  3602 | D:4      | Killed an ogre
  3602 | D:4      | Reached skill level 1 in Fire Magic
  3602 | D:4      | Reached XP level 6. HP: 4/32 MP: 10/17
  3898 | D:4      | Reached skill level 1 in Short Blades
  3898 | D:4      | Reached skill level 7 in Spellcasting
  3924 | D:4      | Noticed Menkaure
  3951 | D:3      | Learned a level 4 spell: Summon Lightning Spire
  4006 | D:4      | Killed Menkaure
  4054 | D:4      | Reached XP level 7. HP: 36/36 MP: 10/19
  4119 | D:4      | Noticed Duvessa
  4120 | D:4      | Noticed Dowan
  4125 | D:4      | Reached skill level 1 in Air Magic
  4142 | D:4      | Killed Dowan
  4142 | D:4      | Reached skill level 1 in Throwing
  4142 | D:4      | Reached skill level 1 in Poison Magic
  4154 | D:4      | Killed Duvessa
  4431 | D:5      | Entered Level 5 of the Dungeon
  4495 | D:5      | Noticed Edmund
  4512 | D:5      | Killed Edmund
  4702 | D:5      | Noticed Ijyb
  4709 | D:5      | Killed Ijyb
  5447 | D:5      | Reached XP level 8. HP: 37/41 MP: 14/21
  5751 | D:5      | Reached skill level 8 in Spellcasting
  6348 | D:6      | Reached skill level 5 in Dodging
  6348 | D:6      | Reached skill level 9 in Spellcasting
  6400 | D:6      | Found a staircase to the Ecumenical Temple.
  6409 | Temple   | Entered the Ecumenical Temple
  6414 | Temple   | Became a worshipper of Qazlal Stormbringer
  6541 | D:6      | Reached skill level 5 in Conjurations
  6640 | D:6      | Noticed a slime creature
  7329 | D:6      | Reached XP level 9. HP: 45/45 MP: 20/24
  7364 | D:6      | Found a radiant altar of Vehumet.
  7388 | D:6      | Reached * piety under Qazlal
  7514 | D:7      | Found a transporter.
  7566 | D:7      | Found a transporter.
  7566 | D:7      | Noticed Karim's ghost (novice GnWn)
  7595 | D:7      | Found a shimmering blue altar of Sif Muna.
  7817 | D:7      | Reached skill level 10 in Spellcasting
  7843 | D:7      | Found a sparkling altar of Nemelex Xobeh.
  7943 | D:7      | Found a shadowy altar of Dithmenos.
  8350 | D:8      | Reached ** piety under Qazlal
  8374 | D:8      | Found a shattered altar of Ashenzari.
  8490 | D:8      | You fall into a shaft and drop 1 floor!
  8503 | D:9      | Reached skill level 11 in Spellcasting
  8565 | D:9      | Found an opulent altar of Gozag.
  8584 | D:9      | Found Gozag's Platinum Reserve.
  8627 | D:9      | Found a flagged portal.
  8638 | D:9      | Reached XP level 10. HP: 50/50 MP: 15/27
  8746 | Bailey   | Entered a bailey
  9016 | Bailey   | Reached *** piety under Qazlal
  9228 | D:9      | Upgraded the game from 0.25-a0-549-g6e6e6501ad to
                  | 0.25-a0-558-g78a2afb0af
  9389 | D:9      | Reached skill level 5 in Poison Magic
  9466 | D:9      | Reached skill level 5 in Short Blades
  9477 | D:9      | Learned a level 1 spell: Apportation
  9481 | D:9      | Learned a level 1 spell: Corona
  9517 | D:9      | You fall into a shaft and drop 2 floors!
  9532 | D:11     | Reached skill level 1 in Hexes
  9536 | D:11     | Noticed Sonja
  9628 | D:11     | Killed Sonja
  9628 | D:11     | Reached skill level 12 in Spellcasting
  9707 | D:11     | Reached **** piety under Qazlal
  9828 | D:11     | Noticed a red ugly thing
  9828 | D:11     | Noticed a white ugly thing
  9877 | D:11     | Killed a red ugly thing
  9877 | D:11     | Reached skill level 5 in Air Magic
  9881 | D:11     | Killed a red ugly thing
  9958 | D:11     | Reached XP level 11. HP: 54/54 MP: 2/29
 10055 | D:11     | Found Dairy's Distillery.
 10061 | D:11     | Bought a potion of degeneration for 15 gold pieces
 10150 | D:11     | Identified a scroll of acquirement
 10202 | D:10     | Entered Level 10 of the Dungeon
 10234 | D:10     | Reached skill level 1 in Armour
 10235 | D:10     | Reached ***** piety under Qazlal
 10288 | D:10     | Noticed an unseen horror
 10294 | D:10     | Killed an unseen horror
 10895 | D:8      | Found a staircase to the Lair.
 11401 | D:9      | Found a burning altar of Makhleb.
 11401 | D:9      | Noticed a blizzard demon
 12358 | D:12     | Found a staircase to the Orcish Mines.
 12443 | D:12     | Noticed an unseen horror
 12453 | D:12     | Killed an unseen horror
 12453 | D:12     | Reached skill level 13 in Spellcasting
 12488 | D:12     | Noticed a deep elf mage
 12491 | D:12     | Killed a deep elf mage
 12503 | D:12     | Noticed a two-headed ogre
 12511 | D:12     | Killed a two-headed ogre
 12512 | D:12     | Identified the +5 rapier of Makhleb's Castigation {pain,
                  | Dex+3}
 12512 | D:12     | Noticed a deep elf mage
 12520 | D:12     | Noticed a red ugly thing
 12522 | D:12     | Noticed a red ugly thing
 12523 | D:12     | Noticed a deep elf mage
 12523 | D:12     | Noticed a green ugly thing
 12547 | D:12     | Killed a green ugly thing
 12561 | D:12     | Killed a purple ugly thing
 12571 | D:12     | Killed a purple ugly thing
 12586 | D:12     | Killed a deep elf mage
 12681 | D:12     | Killed a deep elf mage
 12755 | D:12     | Reached XP level 12. HP: 59/59 MP: 20/31
 13116 | D:12     | Reached skill level 14 in Spellcasting
 13682 | Lair:1   | Entered Level 1 of the Lair of Beasts
 13712 | Lair:1   | Noticed Fannar
 13845 | D:8      | Killed Fannar
 13959 | Lair:1   | Reached ****** piety under Qazlal
 14317 | Lair:1   | Noticed an eight-headed hydra
 14326 | Lair:1   | Killed an eight-headed hydra
 14504 | Lair:1   | Noticed Gastronok
 14544 | Lair:1   | Killed Gastronok
 14544 | Lair:1   | Reached skill level 5 in Summonings
 14900 | Lair:1   | Reached skill level 15 in Spellcasting
 15376 | Lair:2   | Noticed Urug
 15388 | Lair:2   | Killed Urug
 15427 | Lair:2   | Found a staircase to the Swamp.
 15874 | Lair:3   | Reached XP level 13. HP: 41/63 MP: 25/34
 15965 | Lair:3   | Found a staircase to the Snake Pit.
 16311 | Lair:3   | Identified the +1 leather armour of Mihex {rPois rF- Str+5}
                  | (You found it on level 3 of the Lair of Beasts)
 16562 | Lair:3   | Found a runed translucent gate.
 16562 | Lair:3   | Found a runed translucent gate.
 16562 | Lair:3   | Found a runed translucent gate.
 16562 | Lair:3   | Noticed bmj180's ghost (journeyman DrCj)
 16723 | Lair:4   | Reached skill level 16 in Spellcasting
 16734 | Lair:4   | Found a gate leading to a gauntlet.
 16785 | Gauntlet | Entered a Gauntlet
 16785 | Gauntlet | Found a transporter.
 16785 | Gauntlet | Found a runed translucent gate.
 16785 | Gauntlet | Found a runed translucent gate.
 16788 | Gauntlet | Found a runed translucent gate.
 16789 | Gauntlet | Found a transporter.
 16791 | Gauntlet | Found a transporter.
 16805 | Gauntlet | Found a transporter.
 16807 | Gauntlet | Found a transporter.
 16847 | Gauntlet | Found a transporter.
 16863 | Gauntlet | Found a transporter.
 16864 | Gauntlet | Found a transporter.
 16866 | Gauntlet | Noticed a green death
 16875 | Gauntlet | Found a transporter.
 16890 | Gauntlet | Found a transporter.
 16899 | Gauntlet | Noticed an entropy weaver
 16900 | Gauntlet | Found a transporter.
 16914 | Gauntlet | Found a transporter.
 16914 | Gauntlet | Found a transporter.
 16945 | Gauntlet | Found a transporter.
 17191 | Gauntlet | Identified the +1 cloak "Sajom" {rC+++ MP-9 Dex+4 SInv}
                  | (You acquired it in a Gauntlet)
 17191 | Gauntlet | Identified Fasux's Advanced Secret Knowledge (You acquired
                  | it in a Gauntlet)
 17200 | Gauntlet | Learned a level 6 spell: Deflect Missiles
 17207 | Gauntlet | Learned a level 6 spell: Freezing Cloud
 17214 | Gauntlet | Learned a level 6 spell: Dispersal
 17329 | Gauntlet | Identified the +7 mace "Giuwn" {venom, rF+ rC++}
 17329 | Gauntlet | Noticed a minotaur
 17345 | Gauntlet | Killed a minotaur
 17345 | Gauntlet | Reached skill level 10 in Dodging
 17759 | Lair:4   | Identified the +3 rapier of the Spider Nest {freeze, -Tele
                  | rF++ rC+ rN+ Str+3} (You acquired it on level 4 of the Lair
                  | of Beasts)
 18220 | Lair:5   | Reached skill level 1 in Charms
 18513 | Lair:5   | Found a staircase to the Slime Pits.
 19016 | Lair:6   | Entered Level 6 of the Lair of Beasts
 19103 | Lair:6   | Noticed Snorg
 19121 | Lair:6   | Annihilated by a komodo dragon

Levels and vault maps discovered:
D:1:      wander_arrival_fairy_ring, layout_loops_corners
D:2:      layout_loops_ring, columned_hall_lemuel, uniq_robin
D:3:      layout_basic
D:4:      layout_basic, nicolae_dithmenos_the_darkroom, uniq_duvessa,
          uniq_menkaure
D:5:      layout_basic, first_ration, uniq_ijyb, uniq_edmund
D:6:      lemuel_slime, layout_basic, nicolae_overflow_hidden_temple,
          lemuel_temple_firewalk_b
D:7:      layout_rooms, nicolae_overflow_crystal_walls, old_standard_altar,
          basic_altar, gammafunk_ghost_mausoleum
D:8:      layout_loops_ring, cheibrodos_ashenzari_chains, lair_entry_dummy,
          blue_anna_alchemist [blue_anna_fruit_fields, blue_anna_fruit_fields]
D:9:      layout_roguey, nicolae_gozag_zags_fifth_avenue,
          makhleb_altar_promises_db, enter_bailey_2, kennysheep_generic_room_14
D:10:     lemuel_ice_spiral_2, layout_irregular_city, serial_undead,
          serial_undead_a, serial_undead_b, serial_undead_e, serial_undead_c
D:11:     layout_basic, serial_shops, shop, uniq_sonja
D:12:     minmay_ornate_pinched, layout_basic
Temple:   minmay_freezing_vapour_temple
Lair:1:   layout_cave_pods, st_stairs_11, serial_bayou_pond_b,
          chequers_serial_rivers_marsh, uniq_fannar, uniq_gastronok
Lair:2:   layout_regular_city, minmay_swamp_entry_worms, grunt_megastairs_1,
          uniq_urug
Lair:3:   layout_gridlike, guppyfry_snake_entry_garden,
          gammafunk_ghost_necromancy, grunt_megastairs_4
Lair:4:   layout_gridlike, gauntlet_entry_generic
Lair:5:   layout_hall_layers, slime_dummy, minivault_26, serial_bayou_shore_a
Lair:6:   minmay_lair_end_enchanted_forest, layout_misc_corridors,
          infiniplex_staircase_pool, uniq_snorg

Skill      XL: |  1  2  3  4  5  6  7  8  9 10 11 12 13 |
---------------+----------------------------------------+-----
Spellcasting   | 5 6 7 9 11 12 13 15 16 | 16.8
Conjurations   | 2 3 4 5 6 7 8 |  8.8
Dodging        | 3 4 5 6 7 8 9 10 | 10.3
Translocations | 2 3 |  3.8
Fire Magic     | 1 2 |  2.4
Short Blades   | 1 2 4 5 7 8 |  8.2
Air Magic      | 2 3 4 5 6 7 |  7.8
Throwing       | 1 2 3 |  3.5
Poison Magic   | 1 3 4 5 |  5.6
Summonings     | 2 3 5 6 |  6.2
Stealth        | 3 |  3.5
Hexes          | 3 4 |  4.0
Armour         | 2 3 4 |  4.1
Charms         | 2 |  2.2
Ice Magic      | |  0.7

Action                   |  1- 3 |  4- 6 |  7- 9 | 10-12 | 13-15 || total
-------------------------+-------+-------+-------+-------+-------++-------
Melee: Short sword       |     4 |     2 |       |    18 |       ||    24
       Dagger            |       |    55 |   239 |   408 |    93 ||   795
       Spear             |       |       |       |    11 |       ||    11
       Rapier            |       |       |       |     4 |       ||     4
       Halberd           |       |       |       |     1 |       ||     1
Throw: Dart              |    12 |    18 |    59 |    96 |    12 ||   197
       Boomerang         |       |       |       |     2 |       ||     2
 Cast: Magic Dart        |    70 |   127 |   253 |   577 |   172 ||  1199
       Blink             |     6 |     4 |    11 |    17 |     4 ||    42
       Mephitic Cloud    |     1 |     5 |    38 |    71 |    17 ||   132
       Conjure Flame     |     1 |     4 |    22 |    22 |     9 ||    58
       Summon Lightning  |       |     1 |    13 |    51 |    25 ||    90
       Apportation       |       |       |       |     9 |     1 ||    10
       Corona            |       |       |       |     2 |       ||     2
       Deflect Missiles  |       |       |       |       |     1 ||     1
 Abil: Stop Flying       |       |       |       |       |     1 ||     1
Evoke: Wand              |       |       |       |     2 |       ||     2
  Use: Scroll            |       |       |     8 |    14 |    13 ||    35
       Potion            |       |       |       |     7 |     3 ||    10
 Stab: Sleeping          |     1 |     3 |     3 |       |       ||     7
       Confused          |       |     1 |    15 |    23 |     3 ||    42
       Distracted        |       |       |     1 |     2 |     1 ||     4
  Eat: Chunk             |       |     8 |    16 |    15 |     8 ||    47
       Ration            |       |       |       |     2 |     1 ||     3
Armor: Robe              |     6 |    30 |    59 |    26 |     2 ||   123
       Troll leather arm |       |       |       |   108 |    64 ||   172
Dodge: Dodged            |    17 |    70 |   134 |   340 |   125 ||   686
       Deflected         |       |       |       |    10 |    10 ||    20
Block: Other             |       |       |     2 |   120 |    81 ||   203

Table legend:
 A = Non-vault XP
 B = Vault XP
 C = Vault XP percentage of total XP
 D = Non-vault monster count
 E = Vault monster count
 F = Vault count percentage of total count
                 A         B        C        D         E       F
            +---------+---------+-------+---------+---------+-------
      Total |   41813 |   14540 |  25.8 |     480 |     135 |  22.0
            +---------+---------+-------+---------+---------+-------
        D:1 |      16 |       2 |  11.1 |      11 |       1 |   8.3
        D:2 |     130 |      35 |  21.2 |      20 |      11 |  35.5
        D:3 |     138 |       0 |   0.0 |      29 |       0 |   0.0
        D:4 |     490 |     330 |  40.2 |      13 |       3 |  18.8
        D:5 |     325 |     192 |  37.1 |      28 |       2 |   6.7
        D:6 |     951 |     524 |  35.5 |      23 |      22 |  48.9
        D:7 |    1122 |       0 |   0.0 |      25 |       0 |   0.0
        D:8 |    2013 |     626 |  23.7 |      47 |       2 |   4.1
        D:9 |    2037 |      52 |   2.5 |      34 |       2 |   5.6
       D:10 |    1440 |    1178 |  45.0 |      17 |       6 |  26.1
       D:11 |    4486 |     795 |  15.1 |      47 |       1 |   2.1
       D:12 |    5882 |    2287 |  28.0 |      56 |      14 |  20.0
     Lair:1 |    5022 |    1919 |  27.6 |      29 |       4 |  12.1
     Lair:2 |    3505 |    1789 |  33.8 |      22 |       9 |  29.0
     Lair:3 |    2955 |    1942 |  39.7 |      18 |      10 |  35.7
     Lair:4 |    4447 |       0 |   0.0 |      27 |       0 |   0.0
     Lair:5 |    4341 |       0 |   0.0 |      19 |       0 |   0.0
     Lair:6 |    2513 |     116 |   4.4 |      15 |       2 |  11.8
     Bailey |       0 |     262 | 100.0 |       0 |      34 | 100.0
   Gauntlet |       0 |    2491 | 100.0 |       0 |      12 | 100.0
            +---------+---------+-------+---------+---------+-------
